AoeStats
← RagnarLothbrok

Black Forest

510152187Analyzed
4v4 RM · 1d ago on Sep 29, 2026· 61m 3s· 8 players
Game mode
Random Map
Map size
Large (8 player)
Population
200
Speed
Normal
Resources
Standard
Victory
Conquest
Starting age
Dark Age
Ending age
Imperial Age
RankedLock teamsTeams togetherTeam positionsShared explorationLock speedFull tech treeHidden civsTurbo modeCheats
Victory
Defeat
🇩🇪 Mongols · Germany
1450
+13
🇮🇳 Bengalis · India
1377
+16
🇩🇪 Lithuanians · Germany
1371
+16
🇩🇪 Saracens · Germany
1240
+20
🇨🇱 Japanese · Chile
1409
-18
🇫🇷 Ethiopians · France
1377
-17
🇺🇸 Berbers · United States
1338
-15
🇻🇪 Mongols · Venezuela
1338
-15
RagnarLothbrok
2:01 Loom
3:59 Loom
11:21 Feudal Age
12:12 Double-Bit Axe
15:13 Castle Age
13:58 Fishing Lines
16:10 Bow Saw
16:43 Loom
19:08 Gillnets
21:27 Gold Mining
23:41 Scale Barding Armor
24:22 Horse Collar
24:58 Bloodlines
25:23 Fletching
26:20 Forging
26:28 Loom
26:51 Husbandry
27:00 Bodkin Arrow
27:08 Stone Mining
28:10 Wheelbarrow
31:17 Imperial Age
30:18 Padded Archer Armor
30:48 Fervor
31:02 Ballistics
31:23 Leather Archer Armor
31:43 Heavy Plow
32:21 Chain Barding Armor
31:37 Elite Mangudai
33:19 Iron Casting
32:10 Capped Ram
32:55 Bracer
33:30 Conscription
34:07 Hoardings
33:45 Thumb Ring
34:54 Chemistry
33:35 Light Cavalry
35:12 Parthian Tactics
34:21 Siege Ram
35:23 Hussar
36:47 Caravan
36:51 Onager
38:45 Blast Furnace
38:23 Masonry
40:35 Drill
43:20 Siege Onager
47:50 Siege Engineers
56:02 Hand Cart
N4Th-.-
1:26 Loom
10:43 Feudal Age
15:00 Castle Age
16:11 Double-Bit Axe
17:11 Horse Collar
18:17 Bow Saw
21:38 Heavy Plow
23:27 Wheelbarrow
24:32 Hand Cart
28:32 Imperial Age
26:33 Scale Mail Armor
26:43 Forging
27:04 Squires
27:35 Chain Mail Armor
27:07 Arson
27:53 Ballistics
28:57 Iron Casting
28:49 Fletching
28:59 Padded Archer Armor
28:38 Halberdier
30:24 Chemistry
30:12 Plate Mail Armor
30:03 Fortified Wall
30:09 Masonry
31:18 Two-Man Saw
32:14 Blast Furnace
31:37 Bodkin Arrow
32:52 Siege Engineers
32:44 Bodkin Arrow
33:05 Leather Archer Armor
33:20 Stone Mining
33:21 Gold Mining
35:20 Torsion Engines
35:56 Conscription
36:04 Bracer
35:38 Elite Skirmisher
36:29 Town Watch
37:15 Ring Archer Armor
38:06 Thumb Ring
41:41 Caravan
41:59 Guilds
42:19 Coinage
43:05 Onager
43:50 Murder Holes
44:25 Architecture
43:58 Royal Heirs
43:19 Elite Shotel Warrior
45:00 Arson
47:23 Banking
51:42 Siege Onager
OfFspRlNg
10:43 Feudal Age
12:31 Double-Bit Axe
12:30 Horse Collar
15:07 Castle Age
20:22 Heavy Plow
22:18 Bow Saw
23:49 Wheelbarrow
25:14 Loom
29:09 Imperial Age
28:21 Ballistics
28:40 Bloodlines
28:30 Husbandry
28:36 Thumb Ring
29:29 Fletching
29:16 Elite Camel Archer
31:09 Chemistry
30:08 Bodkin Arrow
29:45 Light Cavalry
30:49 Stone Mining
30:49 Gold Mining
31:35 Conscription
31:57 Bracer
31:57 Padded Archer Armor
32:36 Hand Cart
32:08 Hussar
34:24 Leather Archer Armor
34:15 Scale Barding Armor
35:49 Gold Shaft Mining
37:09 Chain Barding Armor
36:59 Forging
37:27 Maghrebi Camels
37:30 Kasbah
39:42 Plate Barding Armor
39:52 Iron Casting
40:24 Heavy Camel Rider
43:05 Caravan
43:15 Guilds
44:33 Blast Furnace
44:03 Ring Archer Armor
48:19 Crop Rotation
49:59 Hoardings
52:42 Scale Mail Armor
_Mewtwo
1:36 Loom
12:47 Feudal Age
13:43 Man-at-Arms
14:28 Double-Bit Axe
16:22 Fletching
20:15 Forging
24:56 Castle Age
38:34 Wheelbarrow
46:25 Caravan
47:02 Hand Cart
50:09 Imperial Age
47:47 Town Watch
50:27 Padded Archer Armor
53:39 Horse Collar
54:37 Heavy Plow
54:07 Elite Skirmisher
56:06 Bodkin Arrow
57:30 Chemistry
57:12 Bracer
CARRY_BERRY_JDV <3
6:29 Loom
11:37 Feudal Age
12:48 Horse Collar
15:42 Castle Age
14:05 Gold Mining
14:24 Double-Bit Axe
16:32 Bow Saw
17:44 Scale Barding Armor
18:12 Heavy Plow
21:36 Bloodlines
22:12 Husbandry
24:28 Chain Barding Armor
24:18 Forging
25:51 Wheelbarrow
27:47 Stone Mining
29:37 Town Watch
30:08 Hand Cart
32:46 Iron Casting
35:52 Imperial Age
33:18 Fletching
37:11 Plate Barding Armor
36:10 Cavalier
38:03 Two-Man Saw
37:36 Bodkin Arrow
37:41 Scale Mail Armor
37:41 Padded Archer Armor
38:21 Conscription
40:33 Crop Rotation
40:16 Masonry
41:40 Coinage
40:49 Paladin
42:34 Stone Shaft Mining
42:59 Tower Shields
43:22 Leather Archer Armor
43:07 Bracer
44:09 Banking
43:41 Bracer
44:24 Elite Skirmisher
45:10 Thumb Ring
46:58 Ring Archer Armor
46:43 Chain Mail Armor
46:50 Ballistics
47:01 Architecture
47:32 Chemistry
46:47 Treadmill Crane
49:19 Caravan
52:11 Light Cavalry
55:20 Murder Holes
55:10 Winged Hussar
The Viper Fanboy
1:22 Loom
12:36 Feudal Age
13:53 Double-Bit Axe
21:43 Town Watch
22:24 Horse Collar
28:05 Castle Age
26:54 Fletching
27:04 Padded Archer Armor
27:19 Fishing Lines
28:58 Bodkin Arrow
29:19 Leather Archer Armor
29:46 Crossbowman
31:15 Ballistics
31:06 Masonry
31:25 Heavy Plow
32:50 Thumb Ring
36:18 Gold Mining
37:19 Gillnets
41:24 Caravan
46:00 Imperial Age
44:45 Wheelbarrow
46:11 Onager
47:00 Siege Engineers
47:56 Chemistry
47:21 Conscription
48:27 Drill
47:45 Siege Onager
48:44 Capped Ram
50:02 Bow Saw
49:50 Siege Ram
56:09 Hand Cart
$hrimpmaster
1:16 Loom
12:07 Feudal Age
12:46 Double-Bit Axe
16:13 Castle Age
18:08 Bow Saw
19:45 Gold Mining
20:12 Horse Collar
22:21 Heavy Plow
26:32 Wheelbarrow
30:01 Imperial Age
28:10 Stone Mining
29:06 Fletching
29:16 Padded Archer Armor
28:47 Elite Skirmisher
29:34 Thumb Ring
28:49 Crossbowman
29:55 Bodkin Arrow
31:48 Chemistry
31:09 Ballistics
30:59 Masonry
31:03 Bracer
31:39 Leather Archer Armor
31:34 Arbalester
32:50 Hand Cart
34:20 Gold Shaft Mining
34:05 Siege Engineers
34:14 Onager
36:24 Ring Archer Armor
36:30 Town Watch
37:07 Conscription
37:24 Hoardings
38:01 Forging
37:56 Scale Barding Armor
38:29 Bloodlines
39:19 Iron Casting
39:20 Husbandry
38:41 Light Cavalry
40:18 Town Patrol
39:41 Hussar
40:44 Chain Barding Armor
43:55 Coinage
44:48 Two-Man Saw
46:24 Blast Furnace
45:59 Plate Barding Armor
_HerculePoirot_
6:39 Loom
9:13 Feudal Age
10:24 Double-Bit Axe
12:06 Horse Collar
17:57 Castle Age
16:00 Gold Mining
16:00 Stone Mining
19:52 Bow Saw
22:00 Heavy Plow
23:10 Wheelbarrow
24:43 Gold Shaft Mining
27:33 Hand Cart
30:34 Imperial Age
28:04 Fletching
29:41 Bodkin Arrow
29:47 Padded Archer Armor
30:29 Ballistics
31:24 Leather Archer Armor
31:38 Conscription
32:20 Chemistry
30:42 Elite Elephant Archer
32:02 Bracer
32:35 Ring Archer Armor
32:19 Masonry
32:39 Paiks
34:29 Caravan
35:01 Coinage
34:42 Guilds
35:11 Architecture
34:37 Murder Holes
34:48 Siege Engineers
35:07 Husbandry
35:31 Bloodlines
35:46 Mahayana
38:27 Banking
38:31 Siege Elephant
39:45 Onager
Connection lost

Rejoining the realm…

Still unreachable

The connection could not be restored.

Session expired

The server has moved on; the page needs a fresh start.